Map: Dusk Towers

Players

Fropez - Winner!

  • Race: Protoss Protoss
  • League: Silver
  • Spawn Location: 7:00

tourbus

  • Race: Terran Terran
  • Spawn Location: 1:00

VOD

Have the link to the VOD?

Description

Time

  • Played on: May 10, 2016, 11:55 a.m.
  • Length: 12:01
Show
View Real Time Build Order
Export as new Build Order

Fropez Protoss - Winner!

Build Orders:  

Get SALT Encoding   

  12  0:01  Probe (Chrono Boost)  
  13  0:18  Pylon  
  13  0:23  Assimilator  
  13  0:28  Probe (Chrono Boost)  
  14  0:40  Gateway  
  14  0:51  Gateway  
  14  0:56  Probe (Chrono Boost)  
  15  1:05  Assimilator  
  15  1:10  Probe (Chrono Boost)  
  16  1:20  Probe (Chrono Boost)  
  17  1:29  Pylon  
  17  1:34  Probe (Chrono Boost)  
  18  1:45  Probe (Chrono Boost)  
  19  1:56  Probe (Chrono Boost)  
  20  2:11  Cybernetics Core  
  20  2:12  Pylon  
  20  2:16  Probe (Chrono Boost)  
  21  2:27  Probe (Chrono Boost)  
  22  2:37  Pylon  
  23  2:48  Mothership Core (Chrono Boost)  
  23  2:49  Warp Gate (Chrono Boost)  
  24  2:52  Adept  
  24  2:53  Adept  
  28  3:10  Probe (Chrono Boost)  
  29  3:21  Probe  
  30  3:29  Adept x2  
  34  3:35  Pylon  
  34  3:44  Pylon  
  34  4:12  Probe  
  35  4:23  Nexus  
  35  4:24  Gateway  
  35  4:28  Probe, Gateway  
  36  4:51  Pylon  
  36  5:03  Probe  
  37  5:07  Twilight Council, Stalker  
  37  5:09  Assimilator  
  37  5:12  Stalker  
  41  5:17  Assimilator  
  42  5:21  Probe  
  42  5:37  Probe  
  42  5:38  Pylon  
  43  5:43  Blink (Chrono Boost)  
  43  5:48  Stalker  
  45  5:51  Pylon  
  45  5:53  Pylon  
  45  5:56  Stalker  
  47  5:58  Probe x2  
  49  6:09  Probe  
  50  6:15  Probe  
  51  6:19  Stalker x2  
  55  6:35  Stalker x2  
  59  7:06  Stalker x3  
  59  7:07  Stalker  
  67  7:13  Probe  
  67  7:14  Probe  
  67  7:15  Robotics Facility  
  69  7:25  Probe  
  70  7:38  Robotics Facility  
  70  7:43  Adept x4  
  76  7:51  Gateway  
  74  8:03  Observer  
  75  8:09  Probe  
  75  8:10  Probe  
  77  8:21  Forge  
  77  8:25  Pylon  
  77  8:26  Immortal  
  81  8:40  Adept x3  
  87  8:42  Adept  
  89  9:31  Stalker x4  
  89  9:32  Protoss Ground Weapons Level 1 (Chrono Boost)  
  89  9:35  Immortal  
  97  9:41  Immortal  
  87  10:38  Stalker x4  
  91  11:01  Immortal  
  91  11:03  Immortal  
  99  11:05  Stalker x3  
  99  11:06  Stalker  
Show
View Real Time Build Order
Export as new Build Order

tourbus Terran 

Build Orders:  

Get SALT Encoding   

  12  0:01  SCV  
  13  0:13  SCV  
  14  0:21  Supply Depot  
  14  0:25  SCV  
  15  0:43  SCV  
  15  0:45  Barracks  
  16  0:52  Refinery  
  16  0:56  SCV  
  17  1:09  SCV  
  18  1:21  SCV  
  19  1:33  SCV, Supply Depot  
  19  1:36  Barracks Reactor  
  20  1:42  Supply Depot  
  20  1:56  Command Center  
  20  2:10  SCV  
  20  2:14  Marine x2  
  23  2:16  Refinery  
  23  2:22  SCV  
  24  2:32  Reaper  
  24  2:34  Factory  
  25  2:37  Orbital Command  
  25  2:48  Marine  
  26  3:07  Marine  
  26  3:08  Marine  
  28  3:21  Factory Tech Lab  
  28  3:22  Starport  
  28  3:23  SCV  
  28  3:25  Orbital Command  
  29  3:33  Marine x2  
  31  3:35  SCV  
  32  3:44  Siege Tank  
  32  3:47  SCV  
  36  3:51  SCV  
  37  4:03  SCV, Starport Reactor  
  38  4:15  SCV  
  39  4:19  SCV  
  40  4:25  Liberator x2  
  40  4:27  SCV  
  40  4:30  Engineering Bay  
  40  4:31  SCV  
  42  4:39  SCV  
  42  4:43  SCV  
  50  4:51  SCV  
  51  4:55  SCV, Refinery  
  52  5:02  Refinery  
  52  5:04  SCV  
  53  5:07  SCV, Missile Turret  
  53  5:13  Supply Depot  
  54  5:16  Supply Depot  
  54  5:22  Missile Turret  
  54  5:23  Missile Turret  
  54  5:35  Siege Tank, SCV x2  
  59  5:45  Liberator x2  
  59  5:47  SCV, Missile Turret  
  60  5:52  Missile Turret  
  60  5:57  Missile Turret  
  60  6:00  Missile Turret  
  60  6:03  Missile Turret  
  66  6:07  Supply Depot  
  66  6:30  SCV  
  67  6:35  SCV  
  67  6:39  Command Center  
  68  6:42  SCV  
  68  6:44  Supply Depot  
  68  6:46  Supply Depot  
  69  6:47  SCV  
  69  6:51  Liberator x2  
  75  7:51  Medivac x2  
  67  8:15  Widow Mine  
  69  8:39  Planetary Fortress  
  69  8:44  Widow Mine  
  71  8:51  Missile Turret  
  71  8:52  Missile Turret  
  71  8:55  Medivac x2  
  72  9:12  Widow Mine  
  68  9:30  Barracks  
  68  9:31  Barracks  
  64  9:36  Barracks  
  64  9:37  Barracks  
  62  9:47  Hellion  
  62  9:49  SCV  
  62  10:01  SCV  
  63  10:08  SCV, Hellion  
  65  10:15  Refinery  
  65  10:16  Refinery  
  65  10:20  Marine x2, SCV  
  68  10:30  Hellion  
  69  10:36  SCV  
  69  10:38  Marine x2  
  69  10:39  Barracks Reactor x2  
  69  10:40  Barracks Reactor  
  69  10:41  Barracks Tech Lab  
  72  10:48  SCV  
  73  10:55  Marine  
  73  10:56  Marine  
  75  11:07  SCV  
  76  11:18  SCV  
  77  11:19  SCV  
  77  11:21  SCV  
  79  11:28  Engineering Bay  
  79  11:30  SCV  
  80  11:33  SCV  
  79  11:42  SCV  
  79  11:45  SCV  
Tags
 
League
Silver
Matchup
PvT
Replay Pack
All Mines
Spawn Locations
Cross Positions
Add a new tag
Caveats
  • Supply blocks, unpowered buildings, or Contaminate may cause inaccurate times.
  • Supply counts are checked every 10 seconds.